 Dungeon Crawl Stone Soup version 0.23-a0-208-gb6b040f (webtiles) character file.

672 pustulio the Cleaver (level 7, -7/52 HPs)
             Began as a Human Berserker on Sept 26, 2018.
             Was a Priest of Trog.
             Killed by divine providence
             ... invoked by an orc priest
              (18 damage)
             ... on level 4 of the Dungeon.
             The game lasted 00:09:55 (4718 turns).

pustulio the Cleaver (Human Berserker)              Turns: 4718, Time: 00:09:56

Health: -7/52      AC:  8    Str: 20    XL:     7   Next: 90%
Magic:  7/7        EV:  8    Int:  7    God:    Trog [***...]
Gold:   200        SH:  0    Dex: 12    Spells: 6/6 levels left

rFire    . . .     SeeInvis .   a - +0 hand axe
rCold    . . .     Gourm    .   (no shield)
rNeg     . . .     Faith    .   j - +0 chain mail
rPois    .         Spirit   .   (no helmet)
rElec    .         Reflect  .   (no cloak)
rCorr    .         Harm     +   (no gloves)
MR       ++...                  (no boots)
Stlth    ..........             f - amulet of harm
HPRegen  1.17/turn              (no ring)
MPRegen  0.10/turn              (no ring)

@: regenerating
A: no striking features
a: Berserk, Trog's Hand, Renounce Religion


You were on level 4 of the Dungeon.
You worshipped Trog.
Trog was most pleased with you.
You were hungry.

You visited 1 branch of the dungeon, and saw 5 of its levels.

You collected 200 gold pieces.

Inventory:

Hand Weapons
 a - a +0 hand axe (weapon)
Armour
 b - a +0 animal skin
 j - a +0 chain mail (worn)
Jewellery
 f - an amulet of harm (around neck)
 o - a cursed ring of poison resistance {unknown}
Scrolls
 e - a scroll of fog {unknown}
 g - a scroll of amnesia {unknown}
 l - a scroll of teleportation {unknown}
 n - a scroll of enchant armour {unknown}
 p - a scroll of magic mapping {unknown}
 r - a scroll of identify {unknown}
Potions
 d - a potion of agility {unknown}
 h - a potion of ambrosia {unknown}
 i - a potion of heal wounds {unknown}
 k - a potion of mutation {unknown}
 m - a potion of curing {unknown}
 q - a potion of cancellation {unknown}
Comestibles
 c - 4 rations


   Skills:
 - Level 3.3 Fighting
 + Level 8.2 Axes
 - Level 2.2 Armour
 - Level 2.4 Dodging
 - Level 0.7 Stealth


You had 6 spell levels left.
You didn't know any spells.
Your spell library was empty.

Dungeon Overview and Level Annotations

Branches:
Dungeon (5/15)
 Temple: D:4-7

Altars:

Annotations:
D:5 MasterOfDestiny21's ghost, novice DsGl


Message History

The orc priest hits you but does no damage.
Items here: )) [[ † a dagger; a robe; a mace; a leather armour; an orc corpse You hit the orc priest.
The orc priest is moderately wounded.
The orc priest invokes the aid of Beogh against you.
Beogh smites you!
You closely miss the orc priest.
The orc priest is moderately wounded.
The orc priest calls down the wrath of Beogh upon you.
Beogh smites you!
* * * LOW HITPOINT WARNING * * *
You barely miss the orc priest.
The orc priest is moderately wounded.
The orc priest barely misses you.
You closely miss the orc priest.
The orc priest is moderately wounded.
The orc priest invokes the aid of Beogh against you.
Beogh smites you!
You die...

#.# #. ####.####
#. #.....<.######.
#.##.##........
####.#...#...#####
#...>..#...#.# #
#.##.#...#...# ###
# #.##.##.##.###
#..
#.##.##@#........#
#..
#......o#......###
#..
####.........#)#
#..
......###..#.#.##
#.. #####.
#.......# #.. ..
#.......######..
...
#...............
...%
#...............
.....
#.....#.........


You could see an orc priest.

Vanquished Creatures
  Menkaure (D:4)
  A scorpion (D:4)
  A water moccasin skeleton (D:4)
  An orc priest (D:4)
  2 hounds (D:5)
  3 orc wizards
  3 worker ants (D:4)
  A hound zombie (D:4)
  9 adders
  5 worms
  2 dart slugs (D:2)
  A leopard gecko (D:3)
  7 orcs
  12 bats
  2 giant cockroaches
  11 goblins
  5 hobgoblins
  3 jackals (D:3)
  5 kobolds
  A ball python (D:3)
  8 frilled lizards
  2 quokka skeletons
  5 rats
91 creatures vanquished.

Notes
Turn   | Place    | Note
-------+----------+-------------------------------------------
     0 | D:1      | pustulio the Human Berserker began the quest for the Orb.
     0 | D:1      | Reached XP level 1. HP: 18/18 MP: 1/1
   155 | D:1      | Reached XP level 2. HP: 19/24 MP: 2/2
   637 | D:2      | Reached XP level 3. HP: 25/29 MP: 3/3
   809 | D:2      | Reached ** piety under Trog
  1227 | D:2      | Reached XP level 4. HP: 35/35 MP: 4/4
  1502 | D:3      | Reached skill level 4 in Axes
  1822 | D:3      | Reached XP level 5. HP: 34/41 MP: 5/5
  2089 | D:3      | Reached skill level 5 in Axes
  2379 | D:3      | Reached *** piety under Trog
  2950 | D:4      | Reached XP level 6. HP: 5/47 MP: 6/6
  3232 | D:4      | Reached skill level 6 in Axes
  3812 | D:4      | Reached XP level 7. HP: 26/52 MP: 7/7
  4059 | D:4      | You fall through a shaft!
  4059 | D:5      | Entered Level 5 of the Dungeon
  4098 | D:5      | Reached skill level 7 in Axes
  4107 | D:5      | Noticed MasterOfDestiny21's ghost (novice DsGl)
  4391 | D:4      | Noticed Menkaure
  4401 | D:4      | Killed Menkaure
  4401 | D:4      | Reached skill level 8 in Axes
  4718 | D:4      | Killed from afar by an orc priest

Vault maps used:
D:1:      matt_arrival_debris
D:2:      first_ration
D:4:      tgw_kikubaaqudgha, uniq_menkaure
D:5:      gammafunk_ghost_icy

Skill      XL: |  1  2  3  4  5  6  7 |
---------------+----------------------+-----
Axes           | 4 5 6 8 |  8.2
Fighting       | |  3.3
Armour         | |  2.2
Dodging        | |  2.4
Stealth        | |  0.7

Action                   |  1- 3 |  4- 6 |  7- 9 || total
-------------------------+-------+-------+-------++-------
Melee: Hand axe          |   125 |   209 |    75 ||   409
Invok: Berserk           |       |     2 |     1 ||     3
       Trog's Hand       |       |     1 |     1 ||     2
 Stab: Sleeping          |     1 |       |       ||     1
  Eat: Chunk             |     1 |     7 |     4 ||    12
       Ration            |       |     1 |       ||     1
Armor: Animal skin       |    30 |       |       ||    30
       Chain mail        |    15 |   123 |    42 ||   180
Dodge: Dodged            |    96 |    97 |    18 ||   211

Table legend:
 A = Non-vault XP
 B = Vault XP
 C = Vault XP percentage of total XP
 D = Non-vault monster count
 E = Vault monster count
 F = Vault count percentage of total count
                 A         B        C        D         E       F
            +---------+---------+-------+---------+---------+-------
      Total |     778 |     183 |  19.0 |      90 |       1 |   1.1
            +---------+---------+-------+---------+---------+-------
        D:1 |      23 |       0 |   0.0 |      13 |       0 |   0.0
        D:2 |      60 |       0 |   0.0 |      24 |       0 |   0.0
        D:3 |     154 |       0 |   0.0 |      30 |       0 |   0.0
        D:4 |     445 |     183 |  29.1 |      19 |       1 |   5.0
        D:5 |      96 |       0 |   0.0 |       4 |       0 |   0.0
            +---------+---------+-------+---------+---------+-------
